Match 36764032
Unlisted

Match 36764032
End
Selects Italian Combined Arms Battlegroup
Selects Bersaglieri Squad
Bersaglieri Squad
Kradschützen Motorcycle Team
Bersaglieri Squad
Construct Light Support Kompanie
Selects Bersaglieri Bolster
Bersaglieri Squad
MG34 Team
Fire Support Elements
Panzerjäger Mechanized Group
2.5-tonne Medical Truck
Selects Breda Model 30 Light Machine Guns
Flakvierling Half-track
Veteran Squad Leaders
Panzerpioneer Squad
Pak 38 Mechanized Group
Selects Semovente da 75/18 Assault Gun
Bersaglieri Squad
Selects Strafing Run
Construct Panzerarmee Kommand
Panzer III L Medium Tank
Strafing Run
Selects Pact of Steel
Bersaglieri Squad
JareK
Hayesy
Kirky
banksss33
Hoelle
Pharagon
0
0

Comments sign in to comment!

No comments posted yet!